 Dungeon Crawl Stone Soup version 0.31.0-32-g396128a36d (webtiles) character file.

Game seed: 789779698815547076

15 cdecastro the Grasshopper (level 2, -3/24 HPs)
             Began as an Armataur Warper on Mar 13, 2024.
             Succumbed to a goblin's poison
             ... on level 1 of the Dungeon.
             The game lasted 00:00:54 (348 turns).

cdecastro the Grasshopper (Armataur Warper)          Turns: 348, Time: 00:00:55

Health: -3/24      AC:  4    Str: 16    XL:     2   Next: 34%
Magic:  4/4        EV:  9    Int: 13    God:
Gold:   27         SH:  0    Dex:  9    Spells: 4/4 levels left

rFire   . . .        a - +0 mace
rCold   . . .        (no shield)
rNeg    . . .        b - +0 leather armour
rPois   .            (no helmet)
rElec   .            (no cloak)
rCorr   .            (no gloves)
SInv    .            (no barding)
Will    .....        (no amulet)
Stlth   +            (no ring)
HPRegen 0.24/turn    (no ring)
MPRegen 1.08/turn

%: roll
@: lethally poisoned (-3 -> -22), attractive
A: large, deformed body, tough skin 3, armoured tail, roll 1
a: no special abilities


You were on level 1 of the Dungeon.
You visited 1 branch of the dungeon, and saw 1 of its levels.

You collected 27 gold pieces.

Inventory:

Hand Weapons
 a - a +0 mace (weapon)
Missiles
 d - 7 darts of dispersal (quivered)
Armour
 b - a +0 leather armour (worn)
 f - a +0 helmet
Scrolls
 c - 2 scrolls of blinking
 e - a scroll of teleportation {unknown}
 h - a scroll of identify {unknown}
 i - a scroll of enchant armour {unknown}


   Skills:
 - Level 1.7 Fighting
 * Level 2.4 Maces & Flails
 - Level 0.8 Throwing
 - Level 1.2 Armour
 - Level 1.3 Dodging
 - Level 1.7 Spellcasting
 + Level 3.2 Translocations


You had 4 spell levels left.
You didn't know any spells.
Your spell library contained the following spells:

 Spells                   Type           Power      Damage    Failure   Level
 Blink                    Tloc           18%        N/A       13%         2
 Lesser Beckoning         Tloc           18%        N/A       13%         2
 Teleport Other           Tloc           9%         N/A       26%         3
 Manifold Assault         Tloc           9%         N/A       63%         4
 Vhi's Electric Charge    Tloc/Air       10%        N/A       86%         4


Dungeon Overview and Level Annotations

Branches:
Dungeon (1/15)

Altars:


Innate Abilities, Weirdness & Mutations

Armour fits poorly on your strangely shaped body.
You have extremely tough skin. (AC +3)
You have a long armoured tail.
You regenerate magic when rolling toward enemies. (Rampage MPRegen)


Message History

You roll towards the bat!
You hit the bat.
You kill the bat!
No target in view!
No target in view!
i - a scroll labelled HUS KAXOIKIAW A goblin comes into view.
It is wielding a +2 dagger of venom.
The goblin shouts!
A goblin is nearby!
A goblin is nearby!
You roll towards the goblin!
You roll towards the goblin!
The goblin hits you with a +2 dagger of venom.
You are poisoned.
You hit the goblin.
The goblin is heavily wounded.
You feel very sick. The goblin hits you but does no damage.
You are more poisoned.
You barely miss the goblin.
The goblin is heavily wounded.
You feel very sick.
The goblin hits you with a +2 dagger of venom.
You are lethally poisoned!
You miss the goblin.
The goblin is heavily wounded.
* * * LOW HITPOINT WARNING * * *
You feel very sick.
A hobgoblin comes into view.
The goblin hits you with a +2 dagger of venom.
* * * LOW HITPOINT WARNING * * *
You are more poisoned.
It was a potion of attraction.
You feel attractive to monsters.
* * * LOW HITPOINT WARNING * * *
You feel very sick. The goblin barely misses you.
Unknown command.
You completely miss the goblin.
The goblin is heavily wounded.
You die...

#...#
#...#
8...8 ...
... #g#
#g# #@#
#$# ##
#.# ...#
##. #.#
...#.#..
#.#
......#
#.#
#....)...
#.#
....#.###
#.#
#...#..##
#.#
#........


You could see a hobgoblin and a goblin.

Vanquished Creatures
  4 ball pythons (D:1)
  2 bats (D:1)
  2 endoplasms (D:1)
  A hobgoblin (D:1)
  A quokka (D:1)
  2 frilled lizards (D:1)
  2 kobolds (D:1)
  A rat (D:1)
15 creatures vanquished.

Notes
Turn   | Place    | Note
-------+----------+-------------------------------------------
     0 | D:1      | cdecastro the Armataur Warper began the quest for the Orb.
     0 | D:1      | Reached XP level 1. HP: 17/17 MP: 3/3
   125 | D:1      | Reached XP level 2. HP: 15/24 MP: 4/4
   348 | D:1      | Succumbed to a goblin's poison

Illustrated notes

Levels and vault maps discovered:
D:1:      denvon_arrival_hothouse, layout_rooms, corexii_hall_statues_l

Skill      XL: |  1 |
---------------+----+-----
Maces & Flails | 2 |  2.4
Fighting       | |  1.7
Throwing       | |  0.8
Armour         | |  1.2
Dodging        | |  1.3
Spellcasting   | |  1.7
Translocations | |  3.2

Action                     || total
---------------------------++-------
  Melee: Mace              ||    66
         Tailslap          ||     3
    Use: Potion            ||     1
 Armour: Leather armour    ||    69
  Dodge: Dodged            ||    56
